 Dungeon Crawl Stone Soup version 0.21.1-1-g345015f (webtiles) character file.

149 Fang the Skirmisher (level 5, -1/33 HPs)
             Began as a Gargoyle Berserker on June 1, 2018.
             Was a Priest of Trog.
             Killed from afar by an orc wizard (10 damage)
             ... with a magic dart
             ... on level 3 of the Dungeon.
             The game lasted 00:03:02 (2112 turns).

Fang the Skirmisher (Gargoyle Berserker)            Turns: 2112, Time: 00:03:03

Health: -1/33      AC:  7    Str: 22    XL:     5   Next: 31%
Magic:  5/5        EV: 12    Int:  7    God:    Trog [***...]
Gold:   88         SH:  0    Dex:  9    Spells: 4/4 levels left

rFire    . . .     SeeInvis +   n - +0 war axe (freeze)
rCold    . . .     Gourm    .   (no shield)
rNeg     + . .     Faith    .   b - +0 animal skin
rPois    ∞         Spirit   .   (no helmet)
rElec    +         Reflect  .   (no cloak)
rCorr    .         Harm     .   (no gloves)
MR       .....                  (no boots)
Stlth    +.........             (no amulet)
HPRegen  0.11/turn              m - +1 ring of protection
MPRegen  0.09/turn              l - ring of see invisible

@: berserk cooldown, slowed, very slow
A: negative energy resistance 1, electricity resistance, unbreathing,
petrification resistance, rot immunity, AC +4
a: Berserk, Trog's Hand, Burn Spellbooks, Renounce Religion


You were on level 3 of the Dungeon.
You worshipped Trog.
Trog was most pleased with you.
You were near starving.

You visited 1 branch of the dungeon, and saw 3 of its levels.

You collected 88 gold pieces.

Inventory:

Hand Weapons
 a - a +0 hand axe
 n - a +0 war axe of freezing (weapon)
Armour
 b - a +0 animal skin (worn)
Jewellery
 j - an uncursed ring of magical power
 l - a ring of see invisible (right hand)
 m - a +1 ring of protection (left hand)
Wands
 o - a wand of disintegration (10)
Scrolls
 f - 2 scrolls of remove curse {unknown}
 k - 5 scrolls of identify {unknown}
 p - a scroll of teleportation {unknown}
 q - 2 scrolls of amnesia {unknown}
 s - a scroll of blinking {unknown}
Potions
 d - a potion of lignification {unknown}
 e - 2 potions of might {unknown}
 g - a potion of agility {unknown}
 h - 2 potions of brilliance {unknown}
 i - a potion of haste {unknown}
 r - a potion of berserk rage {unknown}
 t - 2 potions of heal wounds {unknown}
Books
 u - a book of Misfortune

   Spells                             Type                      Level
   a - Confusing Touch                Hexes                        1
   b - Confuse                        Hexes                        3
   c - Gell's Gravitas                Translocation                3
   d - Petrify                        Transmutation/Earth          4
   e - Metabolic Englaciation         Hexes/Ice                    5
   f - Yara's Violent Unravelling     Hexes/Transmutation          5
   Trog disapproves of the use of such an item.
Comestibles
 c - 4 rations


   Skills:
 + Level 4.3 Fighting
 + Level 4.0 Axes
 + Level 2.5 Armour
 + Level 2.3 Dodging
 + Level 1.2 Stealth


You had 4 spell levels left.
You didn't know any spells.

Dungeon Overview and Level Annotations

Branches:
Dungeon (3/15)

Altars:
Elyvilon


Innate Abilities, Weirdness & Mutations

You are resistant to torment.
Your stone body is resilient. (AC +4)
You are immune to poison.
You resist negative energy. (rN+)
You are resistant to electric shocks. (rElec)
You can survive without breathing.
You are immune to petrification.
You are immune to rotting.


Message History

The orc wizard casts a spell at you.
You feel yourself slow down.
You feel a strong urge to attack something.
The orc wizard mumbles some strange words.
The orc wizard blinks!
You feel your anger nearly subside.
The orc wizard points at you and mumbles some strange words.
The magic dart hits you!
* * * LOW HITPOINT WARNING * * *
You are no longer berserk.
You are exhausted.
You feel as though you will be slow longer.
The orc wizard mumbles some strange words.
The orc wizard seems to speed up.
The orc wizard casts a spell.
The orc wizard blinks!
The orc wizard closely misses you.
The orc wizard gestures at you while chanting.
The magic dart hits you!
You die...

####.#### #.#####.#.#..####
#.......# #.######...#.##..
#.......# #..........#.##..
#####.......### #.##.......#.##..
..............###.##.......(.....
#####.........##...#)............
>...#.................#.##.#.####
..............##..)...#.##.#.####
......##..#.....@................
..<>..>#.#.#.##o..#.#.#.#####.###
...........#.#.###..#.#.##....# #
........#.............#.......# #
......##.........##.######....###
.....####...#...###.# #.........
#...## #..###.###..# #.##.#.###
##### #...#.....#.# #.##.#.#
#....#.####.# #.##.#.#


You could see an orc wizard.

Vanquished Creatures
  5 adders
  2 oozes
  4 worms
  3 dart slugs
  2 leopard geckos (D:1)
  5 orcs
  6 giant cockroaches
  5 goblins
  9 hobgoblins
  A quokka (D:2)
  A ball python (D:2)
  6 bats
  6 frilled lizards
  11 kobolds
  11 rats
77 creatures vanquished.

Notes
Turn   | Place    | Note
-------+----------+-------------------------------------------
     0 | D:1      | Fang the Gargoyle Berserker began the quest for the Orb.
     0 | D:1      | Reached XP level 1. HP: 14/14 MP: 1/1
   373 | D:1      | Reached XP level 2. HP: 15/19 MP: 2/2
   626 | D:1      | You fall through a shaft!
   638 | D:2      | Reached XP level 3. HP: 17/24 MP: 3/3
   659 | D:2      | Found a white marble altar of Elyvilon.
   677 | D:2      | Reached ** piety under Trog
   790 | D:2      | Reached XP level 4. HP: 15/29 MP: 4/4
  1856 | D:3      | Reached skill level 1 in Stealth
  1856 | D:3      | Reached XP level 5. HP: 33/33 MP: 5/5
  1936 | D:3      | Reached *** piety under Trog
  2112 | D:3      | Killed from afar by an orc wizard

Skill      XL: |  1  2  3  4  5 |
---------------+----------------+-----
Axes           | 3 4 |  4.0
Dodging        | 2 |  2.3
Fighting       | 4 |  4.3
Stealth        | 1 |  1.2
Armour         | |  2.5

Action                   |  1- 3 |  4- 6 || total
-------------------------+-------+-------++-------
Melee: Hand axe          |    90 |    74 ||   164
       War axe           |       |    42 ||    42
Invok: Berserk           |     1 |     3 ||     4
 Stab: Sleeping          |     1 |     4 ||     5
  Eat: Chunk             |       |     6 ||     6
Armor: Animal skin       |    32 |    38 ||    70
Dodge: Dodged            |    75 |    71 ||   146
